 Dungeon Sprint DCSS version 0.23-a0-494-g91793a9 (webtiles) character file.

109 JosiahThimblerig the Ruffian (level 4, -7/41 HPs)
             Began as a Ghoul Warper on Dec 3, 2018.
             Mangled by Sigmund
             ... wielding a +0 scythe of protection
              (12 damage)
             ... in the Dungeon (Sprint I: "Red Sonja").
             The game lasted 00:05:34 (447 turns).

JosiahThimblerig the Ruffian (Ghoul Warper)          Turns: 447, Time: 00:05:34

Health: -7/41      AC:  3    Str: 14    XL:     4   Next: 90%
Magic:  8/8        EV: 12    Int:  9    God:
Gold:   54         SH:  0    Dex:  8    Spells: 5/10 levels left

rFire    . . .     SeeInvis .     - Unarmed
rCold    + . .     Gourm    .   (no shield)
rNeg     + + +     Faith    .   a - +0 leather armour
rPois    ∞         Spirit   .   (no helmet)
rElec    .         Reflect  .   (no cloak)
rCorr    .         Harm     .   (no gloves)
MR       .....     NoTele   +   (no boots)
Stlth    ..........             (no amulet)
HPRegen  0.00/turn              (no ring)
MPRegen  0.11/turn              (no ring)

@: confused, rotting
A: rotting body, claws 1, carnivore, cold resistance 1, negative energy
resistance 3, inhibited regeneration, torment resistance, unbreathing
a: no special abilities


You were in the Dungeon.
You were not hungry.

You visited 1 branch You collected 54 gold pieces.

Inventory:

Hand Weapons
 b - a +0 club
 l - a +0 giant club
Armour
 a - a +0 leather armour (worn)
 g - a +0 scale mail
Scrolls
 c - 2 scrolls of blinking
Potions
 h - a potion of haste
 i - 2 potions of magic
 j - a potion of berserk rage
Comestibles
 f - a ration


   Skills:
 + Level 4.6 Fighting
 + Level 1.5 Throwing
 + Level 2.5 Armour
 + Level 3.3 Dodging
 + Level 5.0 Unarmed Combat
 + Level 3.8 Spellcasting
 + Level 4.3 Translocations


You had 5 spell levels left.
You knew the following spells:

 Your Spells              Type           Power        Failure   Level  Hunger
a - Blink                 Tloc           N/A          9%          2    ###....
b - Gell's Gravitas       Tloc           #.........   17%         3    ###....

Your spell library contained the following spells:

 Spells                   Type           Power        Failure   Level  Hunger
 Lesser Beckoning         Tloc           #.........   17%         3    ###....
 Teleport Other           Tloc           #.......     17%         3    ###....
 Shroud of Golubria       Chrm/Tloc      #.........   22%         2    ###....
 Passage of Golubria      Tloc           N/A          50%         4    #####..


Dungeon Overview and Level Annotations

Branches:
Dungeon (1/1)

Altars:

Annotations:
D Sigmund


Innate Abilities, Weirdness & Mutations

Your body is rotting away.
You thrive on raw meat.
You are immune to poison.
You have sharp fingernails.
You are carnivorous and can eat meat at any time.
Your flesh is cold resistant. (rC+)
You are immune to negative energy. (rN+++)
You do not regenerate when monsters are visible.
You are immune to unholy pain and torment.
You can survive without breathing.


Message History

You feel less confused. Sigmund closely misses you.
There is an open door here.
You barely miss Sigmund.
Sigmund is heavily wounded.
You claw Sigmund!
Sigmund is severely wounded.
Sigmund hits you with a +0 scythe of protection.
* * * LOW HITPOINT WARNING * * *
You closely miss Sigmund.
Sigmund is severely wounded.
You barely miss Sigmund.
Sigmund is severely wounded.
Sigmund gestures at you while chanting.
You are confused.
You're too confused to cast spells.
You closely miss Sigmund.
Sigmund is severely wounded.
Sigmund hits you with a +0 scythe of protection!
You die...

#############
#<.#..'..#..+
#..'..#..@..#
#..#####@####
#..# #..#
#..# ####
#..# #⌠⌠#
####


You could see Sigmund.

Vanquished Creatures
  An ogre (D)
  Ijyb (D)
2 creatures vanquished.

Notes
Turn   | Place    | Note
-------+----------+-------------------------------------------
     0 | D        | JosiahThimblerig the Ghoul Warper began the quest for the
                  | Orb.
     0 | D        | Reached XP level 1. HP: 17/17 MP: 2/2
     2 | D        | Noticed Ijyb
    31 | D        | Killed Ijyb
    31 | D        | Reached skill level 1 in Throwing
    31 | D        | Reached skill level 1 in Armour
    31 | D        | Reached skill level 3 in Unarmed Combat
    31 | D        | Reached XP level 2. HP: 16/26 MP: 2/4
    31 | D        | Reached XP level 3. HP: 20/31 MP: 3/6
    47 | D        | Learned a level 2 spell: Blink
    51 | D        | Learned a level 3 spell: Gell's Gravitas
   147 | D        | Noticed an ogre
   157 | D        | Killed an ogre
   157 | D        | Reached skill level 5 in Unarmed Combat
   157 | D        | Reached XP level 4. HP: 16/41 MP: 6/8
   412 | D        | Noticed Sigmund
   447 | D        | Mangled by Sigmund

Vault maps used:
D:        dungeon_sprint_1

Skill      XL: |  1  2  3 |
---------------+----------+-----
Fighting       | 3 4 |  4.6
Throwing       | 1 |  1.5
Armour         | 1 2 |  2.5
Dodging        | 2 3 |  3.3
Unarmed Combat | 3 5 |  5.0
Spellcasting   | 2 3 |  3.8
Translocations | 4 |  4.3

Action                   |  1- 3 |  4- 6 || total
-------------------------+-------+-------++-------
Melee: Unarmed           |    32 |     9 ||    41
Throw: Tomahawk          |     1 |     4 ||     5
  Use: Potion            |     1 |     1 ||     2
  Eat: Chunk             |       |     1 ||     1
Armor: Leather armour    |     5 |       ||     5
Dodge: Dodged            |     8 |    12 ||    20

Table legend:
 A = Non-vault XP
 B = Vault XP
 C = Vault XP percentage of total XP
 D = Non-vault monster count
 E = Vault monster count
 F = Vault count percentage of total count
                 A         B        C        D         E       F
            +---------+---------+-------+---------+---------+-------
      Total |       0 |     157 | 100.0 |       0 |       2 | 100.0
            +---------+---------+-------+---------+---------+-------
          D |       0 |     157 | 100.0 |       0 |       2 | 100.0
            +---------+---------+-------+---------+---------+-------
